 Dungeon Crawl Stone Soup version 0.20-a0-971-g5896763 (webtiles) character file.

114112 Koga the Slicer (level 17, -3/135 HPs)
             Began as a Formicid Fighter on Apr 8, 2017.
             Was the Champion of Okawaru.
             Slain by a spark wasp (4 damage)
             ... on level 4 of the Lair of Beasts.
             The game lasted 01:54:16 (34475 turns).

Koga the Slicer (Formicid Fighter)                 Turns: 34475, Time: 01:54:17

Health: -3/135     AC: 22    Str: 32    XL:     17   Next: 20%
Magic:  0/26       EV: 10    Int:  7    God:    Okawaru [******]
Gold:   254        SH: 14    Dex: 17    Spells: 16/16 levels left

rFire    + . .     SeeInvis +   H - +9 great sword "Onuim" {freeze, *Rage rElec rPois MP+9}
rCold    + . .     Gourm    .   c - +0 shield
rNeg     . . .     Faith    .   s - +2 scale mail {MR+}
rPois    +         Spirit   +   (helmet unavailable)
rElec    +         Reflect  .   q - scarf {rC+ rF+}
rCorr    .         Harm     .   I - +2 pair of gloves {Dex+3}
MR       ++...                  S - +2 pair of boots {Stlth+}
Stlth    +.........             O - amulet of guardian spirit
Regen    0.4/turn               K - ring of Life {Str+3 Dex+4 SInv}
MPRegen  0.2/turn               p - +2 ring of protection

@: no status effects
A: permanent stasis, dig shafts and tunnels, four strong arms, antennae 3,
iridescent scales 1, poison resistance
a: Dig, Shaft Self, Heroism, Finesse, Renounce Religion


You were on level 4 of the Lair of Beasts.
You worshipped Okawaru.
Okawaru was exalted by your worship.
You were not hungry.

You visited 5 branches of the dungeon, and saw 25 of its levels.
You also visited: Ice Cave.

You collected 2315 gold pieces.
You spent 2061 gold pieces at shops.

Inventory:

Hand Weapons
 E - the +7 rapier of Battle {protect, rF+ Dex+3 SInv}
   (You acquired it on level 3 of the Lair of Beasts)

   It protects the one who uses it against injury (+AC on strike).
   It affects your dexterity (+3).
   It protects you from fire.
   It lets you see invisible.
 H - the +9 great sword "Onuim" (weapon) {freeze, *Rage rElec rPois MP+9}
   (You bought it in a shop on level 13 of the Dungeon)

   It has been specially enchanted to freeze those struck by it, causing extra
   injury to most foes and up to half again as much damage against particularly
   susceptible opponents.
   It can also slow down cold-blooded creatures.
   It insulates you from electricity.
   It protects you from poison.
   It affects your magic capacity (+9).
   It may make you go berserk in combat.
Armour
 b - a +3 plate armour of fire resistance
 c - a +0 shield (worn)
 q - a scarf of resistance (worn)
 s - a +2 scale mail of magic resistance (worn)
 I - a +2 pair of gloves of dexterity (worn)
 S - a +2 pair of boots of stealth (worn)
 X - the +1 scale mail of Morality {rPois rC- rN+ SInv}
   (You bought it in a shop on level 13 of the Dungeon)

   It makes you vulnerable to cold.
   It protects you from poison.
   It protects you from negative energy.
   It lets you see invisible.
Jewellery
 p - a +2 ring of protection (right hand)
 K - the ring of Life (left hand) {Str+3 Dex+4 SInv}
   (You found it on level 7 of the Dungeon)

   [ring of see invisible]

   It affects your strength (+3).
   It affects your dexterity (+4).
   It lets you see invisible.
 O - an amulet of guardian spirit (around neck)
 U - a +4 ring of strength
 Y - an uncursed ring of resist corrosion
Wands
 d - a wand of digging (15/24)
 g - a wand of flame (30/48)
 m - a wand of lightning (7/15)
 x - a wand of iceblast (5/15)
 z - a wand of iceblast (7/15)
 A - a wand of digging (11/24)
 C - a wand of lightning (8/15)
 N - a wand of iceblast (2/15)
 T - a wand of polymorph (7/24)
Scrolls
 a - 2 scrolls of blinking {unknown}
 i - 8 scrolls of remove curse
 t - 5 scrolls of fear
 v - 5 scrolls of recharging
 y - a scroll of silence {unknown}
 B - 2 scrolls of fog
 F - 5 scrolls of enchant armour
 L - 5 scrolls of identify
 W - 4 scrolls of magic mapping
Potions
 e - a potion of agility
 h - 4 potions of brilliance
 k - 5 potions of might
 l - 2 potions of heal wounds
 r - a potion of ambrosia {unknown}
 M - 8 potions of curing
Books
 w - a book of the Sky

   Spells                             Type                      Level
   a - Summon Lightning Spire         Summoning/Air                4
   b - Silence                        Hexes/Air                    5
   c - Deflect Missiles               Charms/Air                   6
   d - Conjure Ball Lightning         Conjuration/Air              6
   e - Tornado                        Air                          9
 D - a book of Party Tricks

   Spells                             Type                      Level
   a - Summon Butterflies             Summoning                    1
   b - Apportation                    Translocation                1
   c - Lesser Beckoning               Translocation                3
   d - Tukima's Dance                 Hexes                        3
   e - Alistair's Intoxication        Transmutation/Poison         5
   f - Invisibility                   Hexes                        6
 G - a book of Debilitation

   Spells                             Type                      Level
   a - Corona                         Hexes                        1
   b - Slow                           Hexes                        2
   c - Inner Flame                    Hexes/Fire                   3
   d - Portal Projectile              Hexes/Translocation          3
   e - Cause Fear                     Hexes                        4
   f - Leda's Liquefaction            Hexes/Earth                  4
 J - a book of Ice

   Spells                             Type                      Level
   a - Ice Form                       Ice/Transmutation            4
   b - Metabolic Englaciation         Hexes/Ice                    5
   c - Ozocubu's Refrigeration        Ice                          6
   d - Bolt of Cold                   Conjuration/Ice              6
   e - Freezing Cloud                 Conjuration/Ice/Air          6
   f - Simulacrum                     Ice/Necromancy               6
 Z - a Fen Folio

   Spells                             Type                      Level
   a - Corpse Rot                     Necromancy                   2
   b - Stone Arrow                    Conjuration/Earth            3
   c - Leda's Liquefaction            Hexes/Earth                  4
   d - Summon Forest                  Summoning/Translocation      5
   e - Hydra Form                     Transmutation                6
   f - Summon Hydra                   Summoning                    7
Miscellaneous
 u - a phantom mirror
Comestibles
 f - 17 bread rations
 j - 28 fruits
 n - 10 royal jellies
 o - 12 meat rations


   Skills:
 - Level 12.4 Fighting
 - Level 14.5(15.9) Short Blades
 + Level 11.3(14.3) Long Blades
   Level 13.7 Maces & Flails
 - Level 12.9 Armour
 - Level 11.5 Shields


You had 16 spell levels left.
You didn't know any spells.

Dungeon Overview and Level Annotations

Branches:
Dungeon (15/15)            Temple (1/1) D:7            Lair (6/6) D:8
 Shoals (0/4) Lair:2       Spider (1/4) Lair:4        Slime (0/5) Lair:6
    Orc (2/2) D:10            Elf (0/3) Orc:2        Vaults (0/5) D:13
 Depths (0/5) D:15

Altars:
Elyvilon
Fedhas
Makhleb
Nemelex Xobeh
Okawaru
Qazlal
Ru
Sif Muna
Trog
Vehumet
Beogh
Jiyva

Shops:
D:9 *   D:10 !   D:13 *(   D:14 ?}[}!   Orc:2 [%(?!

Portals:
Trove: D:11 (give +6 demon trident)

Annotations:
Lair:1 exclusion: oklob plant
Lair:5 exclusion: oklob plant


Innate Abilities, Weirdness & Mutations

You cannot be hasted, slowed, berserked, paralysed or teleported.
You can dig through walls and to a lower floor.
Your four strong arms can wield two-handed weapons with a shield.
You have a pair of large antennae on your head. (SInv)
You are partially covered in iridescent scales. (AC +2)
Your system is resistant to poisons. (rPois)


Message History

The redback is heavily wounded.
The spark wasp stings you but does no damage.
You barely miss the redback.
The redback is heavily wounded.
The spark wasp stings you!
* * * LOW HITPOINT WARNING * * *
The spark wasp shocks you. You resist.
* * * LOW HITPOINT WARNING * * *
You block the redback's attack.
You closely miss the redback.
The redback is heavily wounded.
You feel like a meek peon again. The spark wasp stings you!!
* * * LOW HITPOINT WARNING * * *
The spark wasp shocks you. You resist.
* * * LOW HITPOINT WARNING * * *
You block the redback's attack. The spark wasp stings you!
* * * LOW HITPOINT WARNING * * *
The spark wasp shocks you. You resist.
You die...

.# ##.####......###.####...##
.# #### ###.....##.+.###....#
.###.####.................###
..........................#
.............#....#.......##
.##..........###..#.#......#
..#..........#.....#......##
..##......#..##.y.#.....#..#
#.###.##(......s@..........#
#.#..........#....#....#P..#
..#.........##.#.#.##.###..#
.###.........##...##...##.##
##...........##...#...P##.##
.#...###..............P#...#
..##.8.#....#...#.P##.P##.##
..#.....#.........###.###.##
..+..>.8.####..............#


You could see a spark wasp and a redback.

Vanquished Creatures
  Saint Roka (Orc:2)
  Rupert (D:12)
  Kirke (Lair:4)
  A frost giant (D:15)
  Azrael (D:12)
  An ettin (Orc:1)
  Snorg (D:10)
  Josephine (D:11)
  Erolcha (D:11)
  5 hydras
  4 catoblepae (Lair:6)
  10 death yaks
  2 ogre magi
  6 centaur warriors
  16 two-headed ogres
  A deep elf knight (D:13)
  An orc high priest (Orc:2)
  Nergalle (D:12)
  The ghost of Mesmaeker13 the Nimble, a novice DEFE of Vehumet (D:9)
  A skeletal warrior (D:13)
  3 unseen horrors
  3 orc knights
  A wolf spider zombie (D:14)
  2 wolf spiders (Spider:1)
  An orc sorcerer (Orc:1)
  3 deep elf magi
  5 ugly things (D:15)
  3 orb spiders (Spider:1)
  A necromancer (D:10)
  4 manticores
  5 cyclopes
  A faun (shapeshifter) (D:14)
  Maurice (D:11)
  4 black mambas
  A gargoyle (D:15)
  A torpor snail (Lair:4)
  11 spiny frogs
  3 kobold demonologists
  9 komodo dragons
  4 rime drakes
  A demonic crawler (Lair:4)
  8 jumping spiders
  A hornet (Spider:1)
  8 polar bears
  Prince Ribbit (Lair:1)
  7 trolls
  13 blink frogs
  3 slime creatures (D:13)
  8 dream sheep
  A meliai zombie (D:12)
  14 hippogriffs
  A spriggan (D:7)
  A vampire (D:11)
  Sigmund (D:4)
  2 shadows
  23 redbacks
  Eustachio (D:5)
  4 wraiths
  2 wyverns
  32 yaks
  3 tarantellas
  6 basilisks
  3 fire elementals
  Grum (D:10)
  7 hogs
  6 vampire mosquitoes
  A hungry ghost (D:9)
  A warg (Orc:1)
  2 soldier ants
  13 water moccasins
  An acid dragon (D:14)
  3 hell hounds (D:11)
  Edmund (D:6)
  A porcupine (shapeshifter) (D:14)
  5 porcupines
  4 ice beasts
  3 phantoms
  35 orc warriors
  3 sky beasts
  An eye of draining (D:9)
  2 necrophages
  A boggart (D:13)
  29 wolves
  20 ogres
  20 centaurs
  14 crocodiles
  4 big kobolds
  25 bullfrogs
  A wyvern zombie (D:8)
  A scorpion (D:8)
  2 wyvern skeletons
  3 killer bees (D:13)
  3 howler monkeys (D:14)
  7 electric eels
  6 crimson imps
  5 centaur zombies
  A quasit (D:9)
  2 bullfrog zombies (D:4)
  8 jellies
  22 orc priests
  13 hounds
  6 bullfrog skeletons
  9 centaur skeletons
  6 iguanas
  Ijyb (D:3)
  16 worker ants
  33 orc wizards
  A hound zombie (D:11)
  A worker ant zombie (D:9)
  A howler monkey skeleton (D:9)
  13 adders
  A gnoll (D:1)
  5 shadow imps
  12 white imps (Orc:2)
  19 oozes
  An adder zombie (D:5)
  An adder skeleton (D:4)
  2 worms
  2 dart slugs
  9 leopard geckos
  103 orcs
  4 ball pythons
  9 giant cockroaches
  5 hobgoblins
  15 jackals
  5 quokkas
  9 bats
  4 frilled lizards
  9 goblins
  12 kobolds
  A leopard gecko skeleton (D:8)
  A quokka skeleton (D:4)
  15 rats
875 creatures vanquished.

Vanquished Creatures (collateral kills)
  A bullfrog (Lair:3)
1 creature vanquished.

Vanquished Creatures (others)
  A hippogriff (D:12)
  An orc (Orc:2)
  11 fungi
  5 plants
18 creatures vanquished.

Grand Total: 894 creatures vanquished

Notes
Turn   | Place    | Note
-------+----------+-------------------------------------------
     0 | D:1      | Koga the Formicid Fighter began the quest for the Orb.
     0 | D:1      | Reached XP level 1. HP: 18/18 MP: 1/1
   447 | D:1      | Reached XP level 2. HP: 21/24 MP: 2/2
   736 | D:1      | Reached XP level 3. HP: 25/29 MP: 3/3
  1408 | D:2      | Reached XP level 4. HP: 32/35 MP: 4/4
  1898 | D:3      | Noticed Ijyb
  1913 | D:3      | Killed Ijyb
  1913 | D:3      | Reached XP level 5. HP: 41/41 MP: 5/5
  2071 | D:3      | Reached skill level 5 in Maces & Flails
  2597 | D:3      | Reached XP level 6. HP: 48/48 MP: 6/6
  3397 | D:4      | Reached XP level 7. HP: 41/55 MP: 7/7
  4020 | D:4      | Got a bloodstained short sword
  4021 | D:4      | Identified the +3 short sword "Ritton" {pierce, rElec SInv} (You found it on level 4 of the Dungeon)
  4053 | D:4      | Noticed Sigmund
  4062 | D:4      | Killed Sigmund
  4062 | D:4      | Reached skill level 2 in Short Blades
  4173 | D:4      | Noticed a hippogriff
  4188 | D:4      | Killed a hippogriff
  4188 | D:4      | Reached skill level 4 in Short Blades
  4188 | D:4      | Reached XP level 8. HP: 26/61 MP: 8/8
  4455 | D:5      | Entered Level 5 of the Dungeon
  4601 | D:5      | Noticed Eustachio
  4664 | D:5      | Killed Eustachio
  4664 | D:5      | Reached skill level 5 in Short Blades
  4818 | D:5      | Reached skill level 6 in Short Blades
  5187 | D:5      | Found a deep blue altar of Sif Muna.
  5601 | D:6      | Reached skill level 7 in Short Blades
  5601 | D:6      | Reached XP level 9. HP: 67/67 MP: 9/9
  5862 | D:6      | Noticed Edmund
  5891 | D:6      | Killed Edmund
  6322 | D:7      | Reached skill level 8 in Short Blades
  6397 | D:7      | Found a staircase to the Ecumenical Temple.
  6420 | D:7      | Got a transparent bone ring
  6422 | D:7      | Identified the ring of Life {Str+3 Dex+4 SInv} (You found it on level 7 of the Dungeon)
  6427 | Temple   | Entered the Ecumenical Temple
  6432 | Temple   | Became a worshipper of Warmaster Okawaru
  6652 | D:7      | Reached skill level 9 in Short Blades
  6767 | D:7      | Reached * piety under Okawaru
  7238 | D:8      | Noticed a troll
  7275 | D:7      | Killed a troll
  7275 | D:7      | Reached XP level 10. HP: 35/73 MP: 10/10
  7554 | D:8      | Reached ** piety under Okawaru
  7775 | D:8      | Found a staircase to the Lair.
  8011 | D:8      | Reached skill level 10 in Maces & Flails
  8047 | D:8      | Found a sparkling altar of Nemelex Xobeh.
  8500 | D:9      | Noticed a cyclops
  8606 | D:9      | Killed a cyclops
  8854 | D:9      | Found Giuplenn's General Store.
  8955 | D:9      | Reached *** piety under Okawaru
  9180 | D:9      | Reached skill level 5 in Fighting
  9194 | D:9      | Found a stormy altar of Qazlal.
  9228 | D:9      | Noticed Mesmaeker13's ghost (novice DEFE)
  9703 | D:7      | Reached XP level 11. HP: 73/81 MP: 11/11
  9938 | Lair:1   | Entered Level 1 of the Lair of Beasts
 10474 | Lair:1   | Reached **** piety under Okawaru
 11653 | Lair:1   | Found a white marble altar of Elyvilon.
 11654 | Lair:1   | Noticed an oklob plant
 11781 | Lair:1   | Noticed Prince Ribbit
 12091 | Lair:1   | Killed Prince Ribbit
 12091 | Lair:1   | Reached ***** piety under Okawaru
 12934 | Lair:1   | Received a gift from Okawaru
 12985 | Lair:1   | Reached skill level 10 in Fighting
 13251 | Lair:2   | Reached XP level 12. HP: 68/97 MP: 7/12
 14457 | Lair:2   | Found a staircase to the Shoals.
 14504 | Lair:2   | Reached skill level 5 in Armour
 15029 | Lair:3   | Noticed a five-headed hydra
 15038 | Lair:3   | Killed a five-headed hydra
 16194 | Lair:3   | Identified a scroll of acquirement
 16195 | Lair:3   | Got a polished rapier
 16196 | Lair:3   | Identified the +7 rapier of Battle {protect, rF+ Dex+3 SInv} (You acquired it on level 3 of the Lair of Beasts)
 16322 | Lair:4   | Found a hole to the Spider Nest.
 16428 | Lair:4   | Reached skill level 10 in Short Blades
 16746 | Lair:4   | Received a gift from Okawaru
 16885 | Lair:4   | Reached XP level 13. HP: 92/103 MP: 10/13
 17308 | Lair:4   | Noticed an eight-headed hydra
 17433 | D:9      | Killed Mesmaeker13's ghost
 18018 | D:10     | Entered Level 10 of the Dungeon
 18440 | D:10     | Reached skill level 11 in Short Blades
 18510 | D:10     | Found Yjucog's Distillery.
 18560 | D:10     | Bought a potion of curing for 42 gold pieces
 18560 | D:10     | Bought a potion of curing for 42 gold pieces
 18560 | D:10     | Bought a potion of curing for 42 gold pieces
 18560 | D:10     | Bought a potion of curing for 42 gold pieces
 18712 | D:10     | Found a staircase to the Orcish Mines.
 19174 | D:11     | Noticed Grum
 19186 | D:10     | Received a gift from Okawaru
 19186 | D:10     | Reached ****** piety under Okawaru
 19186 | D:10     | Reached skill level 10 in Armour
 19353 | D:10     | Killed Grum
 19483 | D:10     | Got a twisted morningstar {venom}
 19484 | D:10     | Identified the cursed +1 morningstar "Beetlebane" {venom, Int+5} (You took it off Grum on level 10 of the Dungeon)
 19503 | D:11     | Noticed a centaur warrior
 19652 | D:11     | Noticed Josephine
 19678 | D:11     | Killed Josephine
 19916 | D:10     | Reached skill level 12 in Short Blades
 19945 | D:10     | Killed a centaur warrior
 20135 | D:11     | Noticed Maurice
 20172 | D:11     | Killed Maurice
 20287 | D:11     | Noticed Erolcha
 20317 | D:11     | Killed Erolcha
 20317 | D:11     | Reached XP level 14. HP: 91/110 MP: 11/14
 20422 | D:11     | Found a portal to a secret trove of treasure.
 20726 | D:11     | Found a roughly hewn altar of Beogh.
 20974 | D:12     | Noticed Nergalle
 21006 | D:12     | Killed Nergalle
 21204 | D:12     | Noticed Rupert
 21247 | D:12     | Killed Rupert
 21247 | D:12     | Received a gift from Okawaru
 21255 | D:12     | Got a scorched scale mail {god gift}
 21266 | D:12     | Identified the +1 scale mail of Summertime {MR- Int+4 SInv} (Okawaru gifted it to you on level 12 of the Dungeon)
 21603 | D:12     | Noticed Azrael
 21910 | D:11     | Reached skill level 13 in Short Blades
 21979 | D:12     | Killed Azrael
 22482 | Orc:1    | Entered Level 1 of the Orcish Mines
 22761 | Orc:1    | Noticed Snorg
 22800 | D:10     | Killed Snorg
 23209 | Orc:2    | Entered Level 2 of the Orcish Mines
 23276 | Orc:2    | Found Kiloaxt's Food Emporium.
 23475 | Orc:2    | Found a staircase to the Elven Halls.
 23478 | Orc:2    | Found a frozen archway.
 23559 | IceCv    | Entered an ice cave
 23876 | IceCv    | Gained mutation: You are partially covered in iridescent scales. (AC +2) [potion of mutation]
 23876 | IceCv    | Gained mutation: Your system is resistant to poisons. (rPois) [potion of mutation]
 24059 | Orc:2    | Found a roughly hewn altar of Beogh.
 24086 | Orc:2    | Found a roughly hewn altar of Beogh.
 24193 | Orc:2    | Found a roughly hewn altar of Beogh.
 24508 | Orc:2    | Found Firghyqeorph's Distillery.
 24516 | Orc:2    | Bought 2 potions of heal wounds for 140 gold pieces
 24862 | Orc:2    | Found a roughly hewn altar of Beogh.
 24931 | Orc:2    | Found Qutell's Magic Scroll Emporium.
 24992 | Orc:2    | Found a roughly hewn altar of Beogh.
 25130 | Orc:2    | Noticed Saint Roka
 25197 | Orc:2    | Killed Saint Roka
 25197 | Orc:2    | Reached skill level 14 in Short Blades
 25197 | Orc:2    | Reached XP level 15. HP: 37/115 MP: 2/15
 25298 | Orc:1    | Received a gift from Okawaru
 25706 | Orc:2    | Found Yxypig's Antique Armour Emporium.
 25707 | Orc:2    | Found a roughly hewn altar of Beogh.
 25708 | Orc:2    | Found Causoifi's Antique Weapon Shoppe.
 25721 | Orc:2    | Bought an embroidered cloak for 270 gold pieces
 26424 | Lair:5   | Noticed Kirke
 26684 | Lair:4   | Killed Kirke
 27241 | Lair:5   | Received a gift from Okawaru
 27400 | Lair:6   | Entered Level 6 of the Lair of Beasts
 27786 | Lair:6   | Found a runed door.
 27787 | Lair:6   | Found a viscous altar of Jiyva.
 27803 | Lair:6   | Found a staircase to the Slime Pits.
 28179 | Lair:6   | Reached skill level 10 in Shields
 29454 | D:13     | Reached XP level 16. HP: 101/127 MP: 10/16
 30226 | D:13     | Found Voiruir's Weapon Boutique.
 30229 | D:13     | Bought the +9 great sword "Onuim" {freeze, *Rage rElec rPois MP+9} for 1192 gold pieces
 30252 | D:13     | Reached skill level 1 in Long Blades
 30301 | D:13     | Received a gift from Okawaru
 30440 | D:13     | Found a gate to the Vaults.
 30656 | D:13     | Reached skill level 5 in Long Blades
 30668 | D:13     | Found Deirai Cuhos's General Store.
 30676 | D:13     | Bought the +1 scale mail of Morality {rPois rC- rN+ SInv} for 216 gold pieces
 31274 | D:14     | Found Vucrucij's Distillery.
 31283 | D:14     | Bought a potion of heal wounds for 75 gold pieces
 31328 | D:14     | Found a sacrificial altar of Ru.
 31386 | D:14     | Found Gucos's Armour Boutique.
 31397 | D:14     | Found Vam Hoef's Gadget Shop.
 31421 | D:14     | Found Buphoseg's Magic Scroll Emporium.
 31760 | D:14     | Found Bomez's Gadget Shoppe.
 31975 | D:15     | Entered Level 15 of the Dungeon
 32116 | D:15     | Got a crude war axe
 32117 | D:15     | Identified the cursed +1 war axe of Waucon {venom, rElec} (You found it on level 15 of the Dungeon)
 32331 | D:15     | Received a gift from Okawaru
 32636 | D:15     | Noticed a frost giant
 32642 | D:15     | Killed a frost giant
 32643 | D:15     | Found a staircase to the Depths.
 32948 | D:15     | Reached skill level 10 in Long Blades
 33268 | Spider:1 | Entered Level 1 of the Spider Nest
 33303 | Lair:4   | Reached XP level 17. HP: 34/135 MP: 6/17
 33909 | Spider:1 | Received a gift from Okawaru
 34475 | Lair:4   | HP: 1/135 [spark wasp (9)]
 34475 | Lair:4   | Slain by a spark wasp

Vault maps used:
D:1:      dpeg_arrival_another_circle
D:3:      uniq_iyjb
D:4:      first_bread, uniq_sigmund
D:5:      basic_altar, hex_medium, minmay_crystal_water, uniq_eustachio
D:6:      kennysheep_generic_room_12, uniq_edmund
D:7:      minmay_temple_entry_glass, the_bakery
D:8:      erik_lair_island, nemelex_dance_club_becter
D:9:      marbit_many_paths, serial_shops, shop
D:10:     lemuel_flame_loot_2, david_orc_3, serial_shops, shop, minmay_librarian
D:11:     enter_trove_1, special_room, uniq_erolcha, uniq_grum, uniq_josephine,
          uniq_maurice
D:12:     uniq_nergalle, uniq_rupert, uniq_azrael
D:13:     hangedman_vaults_entry_quadrant_bands, serial_shops, shop,
          kennysheep_mini, water_maze_lemuel
D:14:     old_standard_altar, serial_shops,
          nicolae_shop_temple_entry_statues_fountains, nicolae_shop_trees, shop,
          nicolae_shop_temple_entry_statues_fountains, kennysheep_little_box
D:15:     grunt_enter_depths_snipers, minmay_parallelograms
Temple:   grunt_wide_crystal_templ
Lair:1:   minmay_lair_oklob_items, lemuel_oklob_altar, serial_bayou_shore_a,
          uniq_prince_ribbit2
Lair:2:   minmay_shoals_entry_centaurs
Lair:3:   st_stairs_9, beast_lair_carwin_7, lemuel_fruit_fields
Lair:4:   nicolae_spider_entry_non_spiders, nicolae_lair_grove_arrangements,
          grunt_megastairs_1
Lair:5:   lemuel_slime, uniq_kirke
Lair:6:   evilmike_catoblepas_cave, slime_altar_2,
          grunt_forest_small_clearing_treed, lemuel_fruit_fields,
          infiniplex_staircase_pool_2
Orc:1:    nicolae_orc_rockfall, uniq_snorg
Orc:2:    grunt_orc_community_town_hall, grunt_orc_community_big_house_2,
          grunt_orc_community_big_house_1, grunt_orc_community_house_3,
          grunt_orc_community_house_3, grunt_orc_community_house_1,
          grunt_orc_community_house_3, portal_ice_cave_entry_imps, serial_shops,
          nicolae_shop_statue_plus, nicolae_orc_sculptors_studio
IceCv:    ice_cave_small_giant

Skill      XL: |  1  2  3  4  5  6  7  8  9 10 11 12 13 14 15 16 17 |
---------------+----------------------------------------------------+-----
Maces & Flails | 3 4 5 6 8 11 12 13 | 13.7
Fighting       | 4 5 10 12 | 12.4
Short Blades   | 4 7 9 10 12 14 | 14.5
Armour         | 8 11 12 | 12.9
Shields        | 6 11 | 11.5
Long Blades    | 10 11 | 11.3

Action                   |  1- 3 |  4- 6 |  7- 9 | 10-12 | 13-15 | 16-18 || total
-------------------------+-------+-------+-------+-------+-------+-------++-------
Melee: Flail             |   154 |   241 |    55 |       |       |       ||   450
       Short sword       |       |       |   213 |    50 |       |       ||   263
       Dire flail        |       |       |   121 |   696 |   172 |       ||   989
       Rapier            |       |       |       |    76 |  1554 |    92 ||  1722
       Unarmed           |       |       |       |       |     1 |       ||     1
       Great sword       |       |       |       |       |       |   430 ||   430
Invok: Heroism           |       |       |       |       |    10 |     5 ||    15
       Finesse           |       |       |       |       |     1 |       ||     1
 Abil: Dig               |       |     1 |     4 |    17 |    34 |     6 ||    62
  Use: Scroll            |       |     6 |     8 |     8 |     7 |     2 ||    31
       Potion            |       |       |     2 |     5 |     6 |     6 ||    19
  Eat: Chunk             |     2 |     6 |     9 |    33 |    44 |    10 ||   104
       Bread ration      |       |       |     1 |       |       |     1 ||     2
       Royal jelly       |       |       |       |       |     1 |       ||     1
       Fruit             |       |       |       |       |     1 |       ||     1
       Meat ration       |       |       |       |       |       |     1 ||     1
Armor: Scale mail        |    82 |   111 |   156 |    37 |     3 |    89 ||   478
       Plate armour      |       |       |       |   357 |   686 |   259 ||  1302
Dodge: Dodged            |    61 |   101 |   108 |   175 |   294 |   190 ||   929
Block: Shield            |   102 |   136 |   209 |   420 |   712 |   428 ||  2007
       Rpst.: Great sword |       |       |       |       |       |    40 ||    40
